 Dungeon Crawl Stone Soup version 0.31-a0-986-g5e6e4ef867 (webtiles) character file.

Game seed: 8197902724766461566

49 zenocrate the Chiller (level 3, 0/20 HPs)
             Began as a Gargoyle Ice Elementalist on Nov 8, 2023.
             Slain by Terence
             ... wielding a +0 trident
              (2 damage)
             ... on level 2 of the Dungeon.
             The game lasted 00:01:52 (1257 turns).

zenocrate the Chiller (Gargoyle Ice Elementalist)   Turns: 1257, Time: 00:01:52

Health: 0/20       AC:  5    Str: 11    XL:     3   Next: 75%
Magic:  2/7        EV: 11    Int: 17    God:
Gold:   82         SH:  0    Dex: 10    Spells: 1/8 levels left

rFire   . . .        b - +2 falchion (vamp)
rCold   + . .        (no shield)
rNeg    + . .        k - +0 robe
rPois   ∞            (no helmet)
rElec   +            (no cloak)
rCorr   .            (no gloves)
SInv    .            (no boots)
Will    +....        (no amulet)
Stlth   ++           i - ring of willpower
HPRegen 0.23/turn    l - ring of protection from cold
MPRegen 0.10/turn

%: no passive effects
@: freezing walls
A: sickness immunity, AC +3, negative energy resistance 1, electricity
resistance, torment resistance 1, petrification resistance
a: no special abilities


You were on level 2 of the Dungeon.
You visited 1 branch of the dungeon, and saw 2 of its levels.

You collected 82 gold pieces.

Inventory:

Hand Weapons
 a - a +0 dagger
 b - a +2 vampiric falchion (weapon)
Armour
 k - a +0 robe (worn)
Jewellery
 i - a ring of willpower (left hand)
 l - a ring of protection from cold (right hand)
Scrolls
 d - a scroll of noise {unknown}
 e - a scroll of blinking {unknown}
 g - a scroll of enchant armour {unknown}
 h - 2 scrolls of identify {unknown}
 j - a scroll of vulnerability {unknown}
 m - a scroll of torment {unknown}
 p - a scroll of teleportation {unknown}
Potions
 c - a potion of attraction {unknown}
 f - a potion of degeneration {unknown}
 o - a potion of brilliance {unknown}


   Skills:
 + Level 0.3 Fighting
 - Level 1.5 Dodging
 - Level 2.1 Stealth
 + Level 3.0 Spellcasting
 + Level 4.5 Ice Magic


You had one spell level left.
You knew the following spells:

 Your Spells              Type           Power      Damage    Failure   Level
a - Freeze                Ice            72%        1d8       2%          1
b - Frozen Ramparts       Ice            36%        1d6       8%          3
c - Ozocubu's Armour      Ice            18%        N/A       8%          3

Your spell library contained the following spells:

 Spells                   Type           Power      Damage    Failure   Level
 Summon Ice Beast         Ice/Summ       10%        N/A       56%         4


Dungeon Overview and Level Annotations

Branches:
Dungeon (2/15)

Altars:

Annotations:
D:2 Terence


Innate Abilities, Weirdness & Mutations

You are immune to sickness and miasma.
Your stone body is resilient. (AC +3)
You are immune to poison.
You resist negative energy. (rN+)
You are resistant to electric shocks. (rElec)
You are resistant to unholy torment.
You are immune to petrification.


Message History

Unknown command.
Magic courses through your body. Terence barely misses you.
Unknown command.
Casting: Freeze (safe; 2% risk of failure)
Confirm with . or Enter, or press ? or * to list all spells.
Casting: Frozen Ramparts (quite dangerous; 8% risk of failure)
Press: ? - help, Dir - look around, f - activate The walls around you are covered in ice.
The wall freezes Terence but does no damage.
Terence hits you with a +0 trident.
* * * LOW HITPOINT WARNING * * *
Unknown command.
Casting: Frozen Ramparts (quite dangerous; 8% risk of failure)
Confirm with . or Enter, or press ? or * to list all spells.
Aiming: Freeze (safe; 2% risk of failure)
Press: ? - help, Shift-Dir - straight line, f - Terence
Aim: Terence, wielding a +0 trident and wearing a +0 chain mail (lightly wounded)
You freeze Terence.
Terence is moderately wounded.
The wall freezes Terence but does no damage.
Terence barely misses you.
Casting: Freeze (safe; 2% risk of failure)
Confirm with . or Enter, or press ? or * to list all spells.
Aiming: Freeze (safe; 2% risk of failure)
Press: ? - help, Shift-Dir - straight line, f/p - Terence
Aim: Terence, wielding a +0 trident and wearing a +0 chain mail (moderately wounded)
You freeze Terence!
Terence is severely wounded.
The wall freezes Terence but does no damage.
Terence closely misses you.
Casting: Freeze (safe; 2% risk of failure)
Confirm with . or Enter, or press ? or * to list all spells.
Aiming: Freeze (safe; 2% risk of failure)
Press: ? - help, Shift-Dir - straight line, f/p - Terence
Aim: Terence, wielding a +0 trident and wearing a +0 chain mail (severely wounded)
You freeze Terence.
Terence is severely wounded.
The wall freezes Terence but does no damage.
Terence hits you with a +0 trident.
You die...

... > ... .. #.# ##.#
#.##...## #........ #.
#####........ ##.######
###............
........####.@.###........
#.......#...@### #........
#.........#### ##.......
#........## .......
#........# .......
#........# .......
#.......## .......
#.......# #####.......#
...........#


You could see Terence.

Vanquished Creatures
  An adder (D:2)
  3 endoplasms
  A giant cockroach (D:2)
  4 goblins (D:1)
  4 hobgoblins (D:1)
  4 jackals (D:1)
  A kobold (D:1)
  A quokka (D:1)
  5 ball pythons
  3 bats (D:1)
  5 frilled lizards (D:1)
  5 rats
37 creatures vanquished.

Notes
Turn   | Place    | Note
-------+----------+-------------------------------------------
     0 | D:1      | zenocrate the Gargoyle Ice Elementalist began the quest for
                  | the Orb.
     0 | D:1      | Reached XP level 1. HP: 10/10 MP: 3/3
   248 | D:1      | Reached XP level 2. HP: 15/15 MP: 3/5
   525 | D:1      | Reached XP level 3. HP: 19/19 MP: 5/7
   593 | D:1      | Learned a level 3 spell: Frozen Ramparts
   597 | D:1      | Learned a level 3 spell: Ozocubu's Armour
  1230 | D:2      | Noticed Terence
  1257 | D:2      | Slain by Terence

Illustrated notes

Levels and vault maps discovered:
D:1:      wander_arrival_chamber, layout_basic
D:2:      layout_basic, basic_altar, uniq_terence, uniq_natasha

Skill      XL: |  1  2  3 |
---------------+----------+-----
Spellcasting   | 3 |  3.0
Fighting       | |  0.3
Dodging        | |  1.5
Stealth        | |  2.1
Ice Magic      | |  4.5

Action                     || total
---------------------------++-------
  Melee: Unarmed           ||    39
         Falchion          ||    31
         Dagger            ||    11
   Cast: Freeze            ||    33
         Ozocubu's Armour  ||     2
         Frozen Ramparts   ||     1
    Use: Potion            ||     1
   Stab: Sleeping          ||     4
 Armour: Robe              ||    71
  Dodge: Dodged            ||    67

Table legend: (Time is in decaauts)
 A = Elapsed time spent in this place.
 B = Non-inter-level travel time spent in this place.
 C = Inter-level travel time spent in this place.
 D = Time resting spent in this place.
 E = Time spent auto-exploring this place.
 F = Levels seen in this place.
 G = Mean time per level.
                   A        B        C        D        E       F      G
               +--------+--------+--------+--------+--------+-----+--------+
         Total |   1264 |   1210 |     54 |      0 |    912 |   2 |  632.0 |
       Dungeon |   1264 |   1210 |     54 |      0 |    912 |   2 |  632.0 |
               +--------+--------+--------+--------+--------+-----+--------+

Top non-repeatable levels by time:
     D:1: 1004 daAuts
     D:2: 260 daAuts
